 Dungeon Crawl Stone Soup version 0.31-a0-1204-ge2c1a860ed (webtiles) character file.

Game seed: 2789768130217776479

277 backslashecho the Changeling (level 6, -1/47 HPs)
             Began as a Meteoran Shapeshifter on Dec 12, 2023.
             Slain by a gnoll
             ... wielding a +0 whip
              (5 damage)
             ... on level 4 of the Dungeon.
             The game lasted 00:05:39 (1251 turns).

backslashecho the Changeling (MeSh)                 Turns: 1251, Time: 00:05:39

Health: -1/47      AC:  6    Str: 15    XL:     6   Next: 81%
Magic:  7/7        EV: 12    Int: 11    God:
Gold:   163        SH:  0    Dex: 17    Spells: 5/5 levels left

rFire   . .          .
                       - Unarmed
rCold   . . .        (no shield)
rNeg    . . .        a - +0 animal skin
rPois   .            (helmet currently unavailable)
rElec   .            (cloak currently unavailable)
rCorr   .            (gloves currently unavailable)
SInv    .            (boots currently unavailable)
Will    .....        m - amulet of regeneration
Stlth   +            s - +4 ring of protection
HPRegen 1.07/turn    (no ring)
MPRegen 0.10/turn

%: no passive effects
@: beast-form, glowing
A: beast (slay +3), sense surroundings 1, otherworldly, glowing, explore regen
a: Begin Untransformation


You were on level 4 of the Dungeon.
You were a hulking beast.
You visited 1 branch of the dungeon, and saw 4 of its levels.

You collected 163 gold pieces.

Inventory:

Hand Weapons
 l - the +7 dagger "Ipoa" {holy, Str+6 Int+6}
   (You found it on level 3 of the Dungeon)

   Str+6:     It affects your strength (+6).
   Int+6:     It affects your intelligence (+6).
Armour
 a - a +0 animal skin (worn)
 o - a scarf of harm
 p - a +0 helmet
 q - a +1 pair of gloves
Jewellery
 m - an amulet of regeneration (around neck)
 s - a +4 ring of protection (left hand)
Talismans
 c - a beast talisman
 d - a flux talisman
Scrolls
 b - a scroll of noise {unknown}
 e - 3 scrolls of teleportation {unknown}
 f - 3 scrolls of identify {unknown}
 g - a scroll of fear {unknown}
 i - a scroll of amnesia {unknown}
 n - a scroll of enchant weapon {unknown}
Potions
 h - a potion of heal wounds {unknown}
 j - a potion of curing {unknown}
 k - a potion of mutation {unknown}
 r - a potion of attraction {unknown}


   Skills:
 + Level 1.2 Fighting
 - Level 2.1 Dodging
 - Level 5.4 Unarmed Combat
 * Level 6.6 Shapeshifting


You had 5 spell levels left.
You didn't know any spells.
Your spell library was empty.

Dungeon Overview and Level Annotations

Branches:
Dungeon (4/15) Zot: 1162
 Temple: D:4-7

Altars:
Ru
Sif Muna

Annotations:
D:4 Ijyb


Innate Abilities, Weirdness & Mutations

You are a hulking beast.
Your limbs bulge with bestial killing power. (Slay +3)
You passively map a small area around you.
You are easily found by Zot.
You glow in the dark.
You regain HP and MP as you explore.


Message History

The gnoll is heavily wounded.
Ijyb the Twisted Goblin comes into view.
She is wielding a +0 club and carrying a wand of mindburst.
The gnoll hits you but does no damage.
Ijyb shouts!
You hit the gnoll.
The gnoll is heavily wounded.
The gnoll closely misses you.
Unknown command.
You closely miss the gnoll.
The gnoll is heavily wounded.
The gnoll completely misses you.
You barely miss the gnoll.
The gnoll is heavily wounded.
The gnoll closely misses you.
You hit the gnoll. Your punch misses the gnoll.
The gnoll is almost dead.
The gnoll misses you.
You closely miss the gnoll.
The gnoll is almost dead.
The gnoll hits you with a +0 flail!
You take 8 damage, and have 39/47 hp.
You punch the gnoll!
You kill the gnoll!
The gnoll hits you with a +0 whip.
Things that are here:
a +0 flail; a gnoll corpse You take 5 damage, and have 35/47 hp.
You punch the gnoll!
The gnoll is severely wounded.
The gnoll hits you with a +0 whip.
You closely miss the gnoll.
The gnoll is severely wounded.
The gnoll hits you with a +0 whip.
You take 5 damage, and have 30/47 hp.
Ijyb hits you with a +0 club.
You take 2 damage, and have 28/47 hp.
You hit Ijyb.
Ijyb is lightly wounded.
Ijyb zaps a wand.
Your mind is blasted!
* * * LOW HITPOINT WARNING * * *
The gnoll hits you with a +0 whip.
* * * LOW HITPOINT WARNING * * *
You take 17 damage, and have 11/47 hp.
MASSIVE DAMAGE!!
You barely miss Ijyb.
Ijyb is lightly wounded.
Ijyb screams, "Me kill you!"
Ijyb zaps a wand.
Your mind is blasted!
* * * LOW HITPOINT WARNING * * *
The gnoll hits you with a +0 whip.
You die...

, * , #. , * * #. *,
*####. , , * * * , ..## ,
* #####.## .### , *
#....... , ..... #######
#......# ***
......###.....####......<
......ggh................
*
......###g....########.#.
*
....................##.##
#### ##...#########.##...
#...# ##.##### , #...#
##..##### * * #...#
#..##...# #...# #.##.....
* #†#......


You could see Ijyb and 2 gnolls.

Vanquished Creatures
  Duvessa (D:4)
  Dowan (D:4)
  An orc wizard (D:3)
  Robin (D:3)
  A gnoll (D:4)
  2 adders (D:3)
  A worm (D:4)
  A dart slug (D:3)
  An orc (D:4)
  4 ball pythons
  5 endoplasms
  3 giant cockroaches
  6 hobgoblins
  4 jackals
  A quokka (D:4)
  4 bats
  2 frilled lizards (D:3)
  11 goblins (D:3)
  3 rats
53 creatures vanquished.

Notes
Turn   | Place    | Note
-------+----------+-------------------------------------------
     0 | D:1      | backslashecho the Meteoran Shapeshifter began the quest for
                  | the Orb.
     0 | D:1      | Reached XP level 1. HP: 16/16 MP: 2/2
    53 | D:1      | Reached XP level 2. HP: 23/23 MP: 3/3
   110 | D:1      | Reached skill level 4 in Shapeshifting
   361 | D:2      | Reached XP level 3. HP: 17/28 MP: 4/4
   430 | D:3      | Identified the +7 dagger "Ipoa" {holy, Str+6 Int+6}
   516 | D:3      | Noticed Robin
   528 | D:3      | Killed Robin
   529 | D:3      | Reached XP level 4. HP: 15/35 MP: 5/5
   601 | D:3      | Found a sacrificial altar of Ru.
   717 | D:3      | Reached skill level 5 in Shapeshifting
   739 | D:3      | Reached XP level 5. HP: 33/40 MP: 6/6
  1014 | D:4      | Noticed Duvessa
  1014 | D:4      | Noticed Dowan
  1031 | D:4      | Killed Duvessa
  1032 | D:4      | Reached skill level 5 in Unarmed Combat
  1032 | D:4      | Reached skill level 6 in Shapeshifting
  1032 | D:4      | Reached XP level 6. HP: 47/47 MP: 7/7
  1036 | D:4      | Killed Dowan
  1195 | D:4      | Found a shimmering blue altar of Sif Muna.
  1239 | D:4      | Noticed Ijyb
  1251 | D:4      | Slain by a gnoll

Illustrated notes

Levels and vault maps discovered:
D:1:      co_arrival_square_in_a_square_in_a_square, layout_basic
D:2:      layout_basic
D:3:      layout_loops_cross, mainiacjoe_overflow_tiny_flanked,
          eino_tiny_chamber, minmay_tree_intersection, minmay_pentangle,
          uniq_robin
D:4:      layout_basic, lemuel_round_altar, uniq_duvessa, uniq_ijyb

Skill      XL: |  1  2  3  4  5 |
---------------+----------------+-----
Shapeshifting  | 4 5 6 |  6.6
Unarmed Combat | 4 5 |  5.4
Fighting       | |  1.2
Dodging        | |  2.1

Action                     |  1- 3 |  4- 6 || total
---------------------------+-------+-------++-------
  Melee: Unarmed           |    82 |    90 ||   172
         Punch             |       |     4 ||     4
    Use: Potion            |       |     1 ||     1
 Armour: Animal skin       |    44 |    40 ||    84
         Skin              |       |     7 ||     7
  Dodge: Dodged            |    58 |    31 ||    89

Table legend: (Time is in decaauts)
 A = Elapsed time spent in this place.
 B = Non-inter-level travel time spent in this place.
 C = Inter-level travel time spent in this place.
 D = Time resting spent in this place.
 E = Time spent auto-exploring this place.
 F = Levels seen in this place.
 G = Mean time per level.
                   A        B        C        D        E       F      G
               +--------+--------+--------+--------+--------+-----+--------+
         Total |   1236 |   1121 |    115 |     20 |    219 |   4 |  309.0 |
       Dungeon |   1236 |   1121 |    115 |     20 |    219 |   4 |  309.0 |
               +--------+--------+--------+--------+--------+-----+--------+

Top non-repeatable levels by time:
     D:3: 547 daAuts
     D:4: 269 daAuts
     D:2: 265 daAuts
     D:1: 154 daAuts
